 Dungeon Crawl Stone Soup version 0.31-a0-744-gbc345e7fcb (webtiles) character file.

Game seed: 12566902509969054770

183 CowFu the Chopper (level 5, -9/45 HPs)
             Began as a Hill Orc Fighter on Sept 13, 2023.
             Mangled by Edmund
             ... wielding a +1 flail of venom
              (12 damage)
             ... on level 4 of the Dungeon.
             The game lasted 00:01:50 (2483 turns).

CowFu the Chopper (Hill Orc Fighter)                Turns: 2483, Time: 00:01:51

Health: -9/45      AC:  6    Str: 21    XL:     5   Next: 62%
Magic:  5/5        EV:  9    Int:  8    God:
Gold:   92         SH:  4    Dex: 10    Spells: 4/4 levels left

rFire   + . .        a - +0 war axe
rCold   x . .        c - +0 buckler
rNeg    . . .        b - +0 scale mail
rPois   .            (no helmet)
rElec   .            (no cloak)
rCorr   .            (no gloves)
SInv    .            (no boots)
Will    .....        (no amulet) Stlth
                     o - ring of fire
HPRegen 0.27/turn    (no ring)
MPRegen 0.09/turn

%: no passive effects
@: mighty, lethally poisoned (-9 -> -16)
A: no striking features
a: no special abilities


You were on level 4 of the Dungeon.
You visited 1 branch of the dungeon, and saw 4 of its levels.

You collected 189 gold pieces.
You spent 97 gold pieces at shops.

Inventory:

Hand Weapons
 a - a +0 war axe (weapon)
Armour
 b - a +0 scale mail (worn)
 c - a +0 buckler (worn)
Jewellery
 o - a ring of fire (left hand)
Scrolls
 e - a scroll of torment {unknown}
 f - 2 scrolls of identify {unknown}
 i - 3 scrolls of teleportation {unknown}
 j - a scroll of blinking {unknown}
 k - a scroll of revelation {unknown}
 p - a scroll of enchant weapon
Potions
 d - a potion of might
 g - a potion of curing {unknown}
 h - 2 potions of haste {unknown}
 l - 2 potions of enlightenment {unknown}
 m - a potion of invisibility {unknown}
 n - a potion of brilliance {unknown}


   Skills:
 - Level 3.6 Fighting
 + Level 7.5 Axes
 - Level 3.2 Armour
 - Level 3.2 Shields


You had 4 spell levels left.
You didn't know any spells.
Your spell library was empty.

Dungeon Overview and Level Annotations

Branches:
Dungeon (4/15)
 Temple: D:4-7

Altars:

Shops:
D:3 ?

Annotations:
D:4 Edmund


Message History

You block Edmund's attack.
You feel sick.
You feel sick.
The hobgoblin attacks as it pursues you!
The hobgoblin closely misses you.
You feel sick.
You feel very mighty all of a sudden.
You feel sick. You block the hobgoblin's attack.
You closely miss the hobgoblin.
You feel sick. The hobgoblin barely misses you.
You slash the hobgoblin!
You kill the hobgoblin!
You feel sick.
You hit Edmund.
Edmund is moderately wounded.
You feel sick.
You are no longer poisoned.
Edmund hits you with a +1 flail of venom!
You are poisoned.
You closely miss Edmund.
Edmund is moderately wounded.
You feel very sick.
Edmund says, "I might not be good at magic, but I can still kill you!"
Edmund hits you with a +1 flail of venom.
* * * LOW HITPOINT WARNING * * *
You are more poisoned.
A kobold comes into view. It is wielding a +0 short sword.
The kobold shouts!
You slash Edmund!
Edmund is moderately wounded.
* * * LOW HITPOINT WARNING * * *
You feel very sick.
Edmund hits you with a +1 flail of venom.
* * * LOW HITPOINT WARNING * * *
You hit Edmund.
Edmund is heavily wounded.
* * * LOW HITPOINT WARNING * * *
You feel very sick.
Edmund hits you with a +1 flail of venom!
You die...
Edmund says, "That'll show my brother!"

#<# #.# #.# #.# #.#
#.# ######### ##.###
........#######....#
........K@@......#.#
........######...#.#
........# #...# #
........# #...#
......... #.....#
.....##.# #.....#
.).#. #.. ........
...# #.. .#...#.....
.. #.. #.#.#.#.##.#


You could see Edmund and a kobold.

Vanquished Creatures
  A jelly (D:3)
  An iguana (D:3)
  3 adders (D:3)
  An ufetubus (D:4)
  2 worms
  3 dart slugs
  9 orcs (D:3)
  5 bats
  10 endoplasms
  2 giant cockroaches
  7 goblins
  5 hobgoblins
  3 jackals (D:3)
  7 kobolds
  A quokka (D:1)
  4 ball pythons
  4 frilled lizards
  6 rats
74 creatures vanquished.

Notes
Turn   | Place    | Note
-------+----------+-------------------------------------------
     0 | D:1      | CowFu the Hill Orc Fighter began the quest for the Orb.
     0 | D:1      | Reached XP level 1. HP: 19/19 MP: 1/1
    15 | D:1      | Reached skill level 3 in Axes
    18 | D:1      | Reached XP level 2. HP: 25/26 MP: 2/2
    59 | D:1      | Reached skill level 4 in Axes
   229 | D:1      | Reached XP level 3. HP: 30/31 MP: 3/3
   593 | D:1      | Found a faded altar of an unknown god.
   769 | D:2      | Reached skill level 5 in Axes
  1502 | D:3      | Reached XP level 4. HP: 30/39 MP: 4/4
  1524 | D:3      | Reached skill level 6 in Axes
  1928 | D:3      | Found The Oracle's Delphic Readings.
  1938 | D:3      | Reached skill level 7 in Axes
  1938 | D:3      | Reached XP level 5. HP: 8/45 MP: 5/5
  2077 | D:3      | Bought a scroll of enchant weapon for 97 gold pieces
  2470 | D:4      | Noticed Edmund
  2483 | D:4      | Mangled by Edmund

Illustrated notes

Levels and vault maps discovered:
D:1:      dpeg_arrival_windows_large_door, layout_rooms,
          chequers_ecumenical_altar_lobes
D:2:      layout_loops_ring
D:3:      layout_loops_cross, nicolae_nh_oracle_at_delphi
D:4:      layout_basic, elyvilon_altar_1, uniq_edmund

Skill      XL: |  1  2  3  4 |
---------------+-------------+-----
Axes           | 3 4 5 7 |  7.5
Fighting       | |  3.6
Armour         | |  3.2
Shields        | |  3.2

Action                     |  1- 3 |  4- 6 || total
---------------------------+-------+-------++-------
  Melee: War axe           |    97 |    95 ||   192
    Use: Potion            |       |     1 ||     1
 Armour: Scale mail        |    69 |    49 ||   118
  Dodge: Dodged            |    50 |    37 ||    87
  Block: Buckler           |    20 |    21 ||    41

Table legend: (Time is in decaauts)
 A = Elapsed time spent in this place.
 B = Non-inter-level travel time spent in this place.
 C = Inter-level travel time spent in this place.
 D = Time resting spent in this place.
 E = Time spent auto-exploring this place.
 F = Levels seen in this place.
 G = Mean time per level.
                   A        B        C        D        E       F      G
               +--------+--------+--------+--------+--------+-----+--------+
         Total |   2531 |   2451 |     80 |    100 |   1923 |   4 |  632.8 |
       Dungeon |   2531 |   2451 |     80 |    100 |   1923 |   4 |  632.8 |
               +--------+--------+--------+--------+--------+-----+--------+

Top non-repeatable levels by time:
     D:3: 999 daAuts
     D:1: 779 daAuts
     D:2: 716 daAuts
     D:4: 36 daAuts
